 Dungeon Crawl Stone Soup version 0.25.1-2-g60ff931df9 (webtiles) character file.

Game seed: 1849718260326685899

11015 DearestLeader the Frost Mage (level 11, -16/99 HPs)
             Began as a Gargoyle Ice Elementalist on Nov 16, 2020.
             Was an Elder of Vehumet.
             Hit by a silver javelin thrown by a minotaur (25 damage)
             ... in a Gauntlet.
             The game lasted 00:36:40 (12932 turns).

DearestLeader the Frost Mage (GrIE)                Turns: 12932, Time: 00:36:41

Health: -16/99     AC: 13    Str:  9    XL:     11   Next: 71%
Magic:  5/21       EV: 12    Int: 25    God:    Vehumet [****..]
Gold:   646        SH:  0    Dex: 10    Spells: 6/23 levels left

rFire    . . .     SeeInvis .   G - +3 quarterstaff (protect)
rCold    . . .     Gourm    .   (shield currently unavailable)
rNeg     + . .     Faith    .   a - +1 robe
rPois    ∞         Spirit   .   s - +0 helmet
rElec    +         Reflect  .   v - +0 cloak
rCorr    .         Harm     .   (no gloves)
MR       ++...     NoTele   +   (no boots)
Stlth    ..........             (no amulet)
HPRegen  0.26/turn              q - ring "Beceewnu" {MR++ Str-3 Int+6 Slay+6}
MPRegen  0.17/turn              (no ring)

@: berserking, frozen ramparts, very quick
A: negative energy resistance 1, electricity resistance, unbreathing,
petrification resistance, rot immunity, AC +8
a: Renounce Religion


You were in a Gauntlet.
You worshipped Vehumet.
Vehumet was greatly pleased with you.
You were hungry.

You visited 3 branches of the dungeon, and saw 13 of its levels.
You also visited: Sewer and Gauntlet.

You collected 646 gold pieces.

Inventory:

Hand Weapons
 e - a +4 dagger
 u - a +1 short sword of speed
 G - a +3 quarterstaff of protection (weapon)
Armour
 a - a +1 robe (worn)
 s - a +0 helmet (worn)
 v - a +0 cloak (worn)
 y - the +0 robe of Spring Thaw {rC+ Regen+ Str+4 Int-3}
   (You found it on level 5 of the Dungeon)

   It affects your strength (+4).
   It affects your intelligence (-3).
   It protects you from cold.
   It increases your rate of regeneration.
Magical Staves
 x - an uncursed staff of poison
Jewellery
 q - the ring "Beceewnu" (left hand) {MR++ Str-3 Int+6 Slay+6}
   (You found it in a Gauntlet)

   [ring of intelligence]

   It affects your strength (-3).
   It affects your intelligence (+6).
   It affects your accuracy and damage with ranged weapons and melee attacks
   (+6).
   It affects your resistance to hostile enchantments.
Wands
 z - a wand of polymorph (4)
 C - a wand of enslavement (8)
 F - a wand of flame (25)
 H - a wand of clouds (7)
Scrolls
 h - 5 scrolls of enchant weapon
 i - 2 scrolls of blinking
 j - 3 scrolls of fear
 k - a scroll of remove curse
 l - 4 scrolls of immolation
 n - 4 scrolls of enchant armour
 o - 5 scrolls of teleportation
 r - 2 scrolls of fog
 I - a scroll of amnesia
 J - 2 scrolls of silence
Potions
 b - 2 potions of resistance
 d - 3 potions of mutation
 f - 2 potions of cancellation
 g - 4 potions of lignification
 m - 2 potions of flight
 p - 2 potions of berserk rage
 t - a potion of stabbing {unknown}
 w - 2 potions of magic
 A - a potion of haste {unknown}
 D - a potion of might {unknown}
 E - 4 potions of brilliance
 K - a potion of heal wounds {unknown}
Comestibles
 c - 20 rations


   Skills:
 + Level 6.5 Fighting
 - Level 0.3 Short Blades
 - Level 2.0 Dodging
 - Level 2.1 Stealth
 + Level 6.9 Spellcasting
 * Level 9.2 Conjurations
 * Level 12.7 Ice Magic
 - Level 3.0 Air Magic


You had 6 spell levels left.
You knew the following spells:

 Your Spells              Type           Power        Failure   Level  Hunger
a - Freeze                Ice            ####         1%          1    None
b - Frozen Ramparts       Ice            ######       1%          3    None
c - Ozocubu's Armour      Chrm/Ice       #####...     1%          3    None
d - Hailstorm             Conj/Ice       ######..     1%          4    ###....
e - Freezing Cloud        Conj/Ice/Air   ######....   10%         6    ######.

Your spell library contained the following spells:

 Spells                   Type           Power        Failure   Level  Hunger
 Olgreb's Toxic Radiance  Pois           #.......     17%         4    ###....
 Magic Dart               Conj           ####         1%          1    None
 Searing Ray              Conj           ######       1%          2    None
 Conjure Flame            Conj/Fire      ####....     1%          3    None
 Dazzling Flash           Conj/Hex       ####..       1%          3    None
 Mephitic Cloud           Conj/Pois/Air  ####....     1%          3    None
 Fulminant Prism          Conj/Hex       ####......   2%          4    ###....
 Iskenderun's Mystic Bla  Conj/Tloc      ####....     2%          4    ###....
 Summon Ice Beast         Ice/Summ       #####...     4%          4    ###....
 Poisonous Vapours        Pois/Air       ###...       5%          2    None
 Animate Skeleton         Necr           N/A          7%          1    None
 Pain                     Necr           #...         7%          1    None
 Vampiric Draining        Necr           #.........   21%         3    None
 Animate Dead             Necr           N/A          56%         4    ###....
 Agony                    Necr           #.......     88%         5    #####..
 Ring of Flames           Chrm/Fire      #.........   100%        7    #######


Dungeon Overview and Level Annotations

Branches:
Dungeon (11/15)            Temple (1/1) D:5            Lair (1/6) D:8
  Sewer (visited)         Gauntlet (1/1)
    Orc: D:9-12

Altars:
Ashenzari
Cheibriados
Dithmenos
Elyvilon
Fedhas
Gozag
Hepliaklqana
Kikubaaqudgha
Makhleb
Nemelex Xobeh
Okawaru
Qazlal
Ru
Sif Muna
Trog
Uskayaw
Vehumet
Wu Jian
Xom
Yredelemnul
Zin
The Shining One
Jiyva

Shops:
D:4 *

Annotations:
D:3 2 transporters Gauntlet 5 transporters


Innate Abilities, Weirdness & Mutations

You are resistant to torment.
Your stone body is resilient. (AC +8)
You are immune to poison.
You resist negative energy. (rN+)
You are resistant to electric shocks. (rElec)
You can survive without breathing.
You are immune to petrification.
You are immune to rotting.


Message History

You see here a silver javelin.
You see here a silver javelin.
The frozen ramparts melt away.
You see here 2 silver javelins.
Casting: Freezing Cloud (quite dangerous; 10% risk of failure)
Confirm with . or Enter, or press ? or * to list all spells.
The walls around you are covered in ice.
The minotaur resists.
The wall freezes the minotaur.
The minotaur throws a silver javelin.
The silver javelin pierces through you!
* * * LOW HITPOINT WARNING * * *
x2 Unknown command.
A red film seems to cover your vision as you go berserk!
You feel yourself moving faster!
You feel mighty!
The minotaur resists.
The wall freezes the minotaur.
The minotaur throws a silver javelin.
The silver javelin closely misses you.
You feel a strong urge to attack something.
The minotaur resists.
The wall freezes the minotaur.
The minotaur throws a silver javelin.
The silver javelin pierces through you!!
You die...

##### ≈≈≈≈≈ ≈∩≈ ...
###.### #.....#
#######@#######
#.......(.....#
#.###H###(###.#
#.###(###.###.#
#(...((.H.....#
###.###.###.###
#####.###.###.#####
##≈...............≈##
#≈≈..8©8©8©8©8©8..≈≈#


You could see a minotaur.

Vanquished Creatures
  2 two-headed ogres
  A moth of wrath (Gauntlet)
  A rust devil (Gauntlet)
  A troll (D:10)
  2 hippogriffs
  A ynoxinul (Gauntlet)
  A shadow (Gauntlet)
  Eustachio (D:5)
  7 yaks (D:10)
  A hungry ghost (D:7)
  A human (D:9)
  3 wargs (D:8)
  Edmund (D:5)
  Duvessa (D:4)
  An ice beast (D:8)
  4 orc warriors
  4 sky beasts
  12 ogres
  4 wolves (Gauntlet)
  3 centaurs
  2 big kobolds (D:10)
  Blork the orc (D:4)
  7 bullfrogs
  A water moccasin zombie (D:5)
  4 scorpions
  Dowan (D:4)
  10 killer bees
  4 wights
  8 howler monkeys
  7 crimson imps
  2 bullfrog zombies
  A centaur zombie (D:8)
  2 quasits
  A gnoll shaman (D:8)
  Crazy Yiuf (D:3)
  6 orc priests (D:8)
  5 hounds
  A jelly (D:10)
  4 orc wizards
  A bullfrog skeleton (D:5)
  7 iron imps
  Natasha (thrice) (D:4)
  A centaur skeleton (D:6)
  Ijyb (D:5)
  3 iguanas
  5 worker ants
  Terence (D:3)
  A killer bee zombie (D:5)
  3 hound skeletons
  Robin (D:4)
  18 adders
  6 gnolls
  A howler monkey skeleton (D:8)
  A shadow imp (D:8)
  An ooze (D:4)
  An adder zombie (D:7)
  An adder skeleton (D:4)
  3 worms
  3 dart slugs
  10 leopard geckos
  23 orcs
  9 giant cockroaches
  15 goblins
  7 hobgoblins
  9 jackals
  13 kobolds
  7 quokkas
  2 ball pythons
  9 bats
  10 frilled lizards
  A quokka skeleton (D:4)
  A quokka zombie (D:2)
  7 rats
305 creatures vanquished.

Vanquished Creatures (others)
  A quokka (D:9)
  2 plants
3 creatures vanquished.

Grand Total: 308 creatures vanquished

Notes
Turn   | Place    | Note
-------+----------+-------------------------------------------
     0 | D:1      | DearestLeader the Gargoyle Ice Elementalist began the quest
                  | for the Orb.
     0 | D:1      | Reached XP level 1. HP: 10/10 MP: 3/3
   500 | D:1      | Reached XP level 2. HP: 11/15 MP: 5/5
   926 | D:2      | Reached XP level 3. HP: 7/19 MP: 1/6
  1229 | D:2      | Reached skill level 5 in Ice Magic
  1287 | D:2      | Learned a level 3 spell: Frozen Ramparts
  1288 | D:2      | Found a sparkling altar of Nemelex Xobeh.
  1420 | D:2      | Found a basalt altar of Yredelemnul.
  1737 | D:2      | Reached XP level 4. HP: 23/24 MP: 3/7
  2049 | D:2      | HP: 1/24 [gnoll (4)]
  2066 | D:2      | Reached skill level 6 in Ice Magic
  2066 | D:2      | Reached XP level 5. HP: 10/28 MP: 0/8
  2759 | D:3      | Noticed Terence
  2765 | D:3      | Killed Terence
  2852 | D:3      | Found a transporter.
  2856 | D:3      | Found a transporter.
  2868 | D:3      | Found a hide-covered altar of Uskayaw.
  2897 | D:3      | Reached skill level 7 in Ice Magic
  2897 | D:3      | Reached XP level 6. HP: 29/32 MP: 5/9
  2948 | D:3      | Learned a level 3 spell: Ozocubu's Armour
  3079 | D:3      | Found a runed translucent door.
  3080 | D:3      | Noticed Crazy Yiuf
  3089 | D:3      | Killed Crazy Yiuf
  3162 | D:4      | Noticed Blork the orc
  3163 | D:4      | Found a shattered altar of Ashenzari.
  3183 | D:4      | Killed Blork the orc
  3315 | D:4      | Noticed Robin
  3332 | D:4      | Killed Robin
  3341 | D:4      | Reached skill level 8 in Ice Magic
  3341 | D:4      | Reached XP level 7. HP: 21/36 MP: 5/10
  3698 | D:4      | Noticed Natasha
  3705 | D:4      | Killed Natasha
  3759 | D:4      | Noticed Natasha
  3767 | D:4      | Killed Natasha
  3824 | D:4      | Noticed Natasha
  3849 | D:4      | Killed Natasha
  3935 | D:4      | Found a blossoming altar of Fedhas.
  4036 | D:4      | Noticed Dowan
  4038 | D:4      | Noticed Duvessa
  4045 | D:4      | Killed Dowan
  4059 | D:4      | Killed Duvessa
  4059 | D:4      | Reached skill level 1 in Fighting
  4281 | D:4      | Found Xijeoqib's Assorted Antiques.
  4463 | D:5      | Entered Level 5 of the Dungeon
  4463 | D:5      | Noticed Eustachio
  4498 | D:5      | Killed Eustachio
  4498 | D:5      | Reached skill level 9 in Ice Magic
  4498 | D:5      | Reached XP level 8. HP: 44/44 MP: 5/12
  4668 | D:5      | Got a heavy robe
  4678 | D:5      | Identified the cursed +0 robe of Spring Thaw {rC+ Regen+
                  | Str+4 Int-3} (You found it on level 5 of the Dungeon)
  4758 | D:5      | Noticed Ijyb
  4772 | D:5      | Killed Ijyb
  4779 | D:5      | Noticed Edmund
  4805 | D:5      | Killed Edmund
  4827 | D:5      | Found a staircase to the Ecumenical Temple.
  4834 | Temple   | Entered the Ecumenical Temple
  4875 | Temple   | Became a worshipper of Vehumet
  5100 | D:5      | Found a glowing drain.
  5104 | Sewer    | Entered a sewer
  5352 | Sewer    | Reached * piety under Vehumet
  5352 | Sewer    | Offered knowledge of Magic Dart by Vehumet.
  5519 | D:5      | Found a glowing golden altar of the Shining One.
  5543 | D:5      | Learned a level 4 spell: Hailstorm
  5734 | D:5      | Found a shimmering altar of Xom.
  5746 | D:5      | Reached skill level 10 in Ice Magic
  5753 | D:5      | Reached skill level 1 in Conjurations
  5754 | D:5      | Paralysed by a crimson imp for 4 turns
  5919 | D:5      | Found a snail-covered altar of Cheibriados.
  6024 | D:6      | Reached XP level 9. HP: 52/52 MP: 12/15
  6480 | D:6      | HP: 1/52 [ogre/+0 giant spiked club (28)]
  6907 | D:6      | Found an ornate altar of the Wu Jian Council.
  7060 | D:7      | Reached ** piety under Vehumet
  7225 | D:7      | Reached skill level 5 in Spellcasting
  7435 | D:7      | Found a shimmering blue altar of Sif Muna.
  7473 | D:7      | Offered knowledge of Foxfire by Vehumet.
  7473 | D:7      | Reached skill level 5 in Fighting
  7734 | D:7      | Reached skill level 5 in Conjurations
  7883 | D:8      | Reached skill level 11 in Ice Magic
  7925 | D:8      | Reached XP level 10. HP: 58/59 MP: 15/17
  8021 | D:8      | Learned a level 6 spell: Freezing Cloud
  8088 | D:8      | Noticed a two-headed ogre
  8092 | D:8      | Offered knowledge of Stone Arrow by Vehumet.
  8111 | D:8      | Killed a two-headed ogre
  8111 | D:8      | Reached skill level 1 in Air Magic
  8190 | D:8      | Reached *** piety under Vehumet
  8222 | D:8      | Found a staircase to the Lair.
  8367 | D:8      | Found a bloodstained altar of Trog.
  9954 | D:9      | Found a white marble altar of Elyvilon.
  9996 | D:9      | Found a burning altar of Makhleb.
 10366 | D:9      | Reached XP level 11. HP: 57/64 MP: 18/20
 10427 | D:9      | Reached skill level 12 in Ice Magic
 10533 | D:9      | Found a bloodstained altar of Trog.
 10563 | D:10     | Entered Level 10 of the Dungeon
 10584 | D:10     | Offered knowledge of Dazzling Flash by Vehumet.
 10927 | D:10     | Reached **** piety under Vehumet
 10971 | D:10     | Noticed a two-headed ogre
 10985 | D:10     | Killed a two-headed ogre
 11427 | D:10     | Offered knowledge of Olgreb's Toxic Radiance by Vehumet.
 11877 | D:11     | Noticed a white ugly thing
 11950 | Lair:1   | Entered Level 1 of the Lair of Beasts
 11985 | Lair:1   | Found a gate leading to a gauntlet.
 12025 | Gauntlet | Entered a Gauntlet
 12025 | Gauntlet | Found a transporter.
 12039 | Gauntlet | Found a transporter.
 12039 | Gauntlet | Found a transporter.
 12040 | Gauntlet | Found a transporter.
 12047 | Gauntlet | Noticed a moth of wrath
 12051 | Gauntlet | Found a transporter.
 12051 | Gauntlet | Found a transporter.
 12052 | Gauntlet | Found a transporter.
 12060 | Gauntlet | Found a transporter.
 12063 | Gauntlet | Found a transporter.
 12064 | Gauntlet | Found a transporter.
 12072 | Gauntlet | Found a transporter.
 12075 | Gauntlet | Found a transporter.
 12076 | Gauntlet | Found a transporter.
 12084 | Gauntlet | Found a transporter.
 12340 | Gauntlet | Got an ancient brass ring
 12341 | Gauntlet | Identified the ring "Beceewnu" {MR++ Str-3 Int+6 Slay+6}
                  | (You found it in a Gauntlet)
 12362 | Gauntlet | Killed a moth of wrath
 12898 | Gauntlet | Identified a ring of the Octopus King {rC+ AC+1 EV+1 Str+1
                  | Int+1 Dex+1}
 12898 | Gauntlet | Noticed a minotaur
 12932 | Gauntlet | Hit by a silver javelin thrown by a minotaur

Illustrated notes

Levels and vault maps discovered:
D:1:      mainiacjoe_arrival_reflecting_pool, layout_basic
D:2:      layout_basic, nemelex_xobeh_ov_fountains_minmay, lemuel_doored_altar,
          first_ration, chequers_jeans
D:3:      layout_loops_ring, gammafunk_temple_overflow_arena,
          minmay_misc_feat_chi, feat_on_display, uniq_terence,
          uniq_crazy_yiuf_cottage
D:4:      layout_basic, fedhas_ov_isle_minmay, ashenzari_altar_1, serial_shops,
          nicolae_shop_crystal, uniq_robin, uniq_duvessa, uniq_natasha,
          uniq_blork_the_orc
D:5:      layout_gridville, overflow_temple_1_default, kennysheep_mini_moat,
          led_xom_imps, minmay_temple_entry_mini_moons, gup_sewer_entry_spiral,
          dk_noncrumbling_2, uniq_edmund, uniq_eustachio, uniq_ijyb
D:6:      kennysheep_windowed_halls, layout_basic, marbit_many_paths
D:7:      layout_loops_ring, lemuel_round_altar
D:8:      layout_loops_cross, lightli_temple_of_fire, erik_lair_orcish_takeover
D:9:      layout_roguey, elyvilon_altar_4, demons_altar, grunt_pizzeria,
          trog_book
D:10:     layout_small_grid, kennysheep_path_1, nooodl_food_tri
D:11:     layout_cave_pools, hiddenorc2_lemuel, dk_noncrumbling_4,
          glass_columns_a
Temple:   pf_slimified_temple
Lair:1:   layout_small_grid, gauntlet_entry_generic
Gauntlet: gammafunk_gauntlet_77_escape_option
          [minmay_gauntlet_arena_77_chump_sandwich,
          minmay_gauntlet_arena_77_box, minmay_gauntlet_arena_77_checkered,
          minmay_gauntlet_arena_77_broken_ladder,
          minmay_gauntlet_arena_77_p_blocks, gauntlet_exit_watery]

Skill      XL: |  1  2  3  4  5  6  7  8  9 10 11 |
---------------+----------------------------------+-----
Ice Magic      | 5 6 7 8 9 10 11 12 | 12.7
Dodging        | 2 |  2.0
Fighting       | 2 3 5 6 |  6.5
Spellcasting   | 3 4 5 6 |  6.9
Conjurations   | 1 5 7 9 |  9.2
Air Magic      | 3 |  3.0
Short Blades   | |  0.3
Stealth        | |  2.1

Action                   |  1- 3 |  4- 6 |  7- 9 | 10-12 || total
-------------------------+-------+-------+-------+-------++-------
Melee: Dagger            |    57 |    40 |       |       ||    97
       Unarmed           |     3 |       |     6 |       ||     9
       Short sword       |       |    30 |   272 |   283 ||   585
       Quarterstaff      |       |       |       |     8 ||     8
 Cast: Freeze            |    26 |    32 |    35 |    13 ||   106
       Frozen Ramparts   |       |     7 |    48 |    59 ||   114
       Ozocubu's Armour  |       |       |     3 |       ||     3
       Hailstorm         |       |       |       |     7 ||     7
       Freezing Cloud    |       |       |       |     2 ||     2
  Use: Scroll            |       |     4 |     3 |    16 ||    23
       Potion            |       |     2 |     2 |     2 ||     6
 Stab: Sleeping          |     3 |     2 |     3 |     1 ||     9
       Confused          |       |       |     1 |       ||     1
       Invisible         |       |       |     1 |       ||     1
  Eat: Chunk             |     3 |     6 |    22 |    12 ||    43
       Ration            |       |       |     1 |     2 ||     3
Armor: Robe              |    29 |    49 |   123 |    97 ||   298
       Skin              |       |       |     6 |    13 ||    19
Dodge: Dodged            |    48 |    69 |   159 |   170 ||   446
